 Dungeon Crawl Stone Soup version 0.29.1-15-g9cfb28693d (webtiles) character file.

Game seed: 17674255295616219877

45 tizbic2 the Trooper (level 3, 0/19 HPs)
             Began as a Vampire Fighter on Apr 22, 2023.
             Slain by a goblin
             ... wielding a +0 dagger
              (1 damage)
             ... on level 2 of the Dungeon.
             The game lasted 00:03:58 (1247 turns).

tizbic2 the Trooper (Vampire Fighter)               Turns: 1247, Time: 00:03:58

Health: 0/19       AC:  6    Str: 15    XL:     3   Next: 42%
Magic:  3/3        EV:  8    Int: 12    God:
Gold:   65         SH:  4    Dex: 13    Spells: 2/2 levels left

rFire   . . .      SeeInvis +   m - staff of death
rCold   + + .      Faith    .   c - +0 buckler
rNeg    + + +      Spirit   .   b - +0 scale mail
rPois   ∞          Reflect  .   (no helmet)
rElec   .          Harm     .   (no cloak)
rCorr   .          Rampage  .   (no gloves)
Will    .....                   (no boots)
Stlth   +++.......              (no amulet)
HPRegen 0.00/turn               (no ring)
MPRegen 0.08/turn               (no ring)

@: mighty, bloodless, inhibited regen
A: bloodless, fangs 3, see invisible, vampiric 2, [frail 1]
a: Bat Form, Revivify


You were on level 2 of the Dungeon.
You visited 1 branch of the dungeon, and saw 2 of its levels.

You collected 65 gold pieces.

Inventory:

Hand Weapons
 a - a +0 rapier
 w - a +0 dagger
Missiles
 h - a throwing net (quivered)
Armour
 b - a +0 scale mail (worn)
 c - a +0 buckler (worn)
 g - a +0 robe
Magical Staves
 m - a staff of death (weapon)
Scrolls
 f - a scroll of enchant weapon {unknown}
 j - 4 scrolls of identify {unknown}
 k - 2 scrolls of immolation {unknown}
 n - a scroll of fog {unknown}
Potions
 e - 2 potions of degeneration {unknown}
 i - a potion of attraction {unknown}
 l - 2 potions of curing {unknown}


   Skills:
 + Level 2.9 Fighting
 - Level 2.7 Short Blades
 * Level 0.3 Staves
 * Level 2.6 Armour
 - Level 2.3 Stealth
 + Level 2.8 Shields
 + Level 0.2 Necromancy
 + Level 0.2 Evocations


You had 2 spell levels left.
You didn't know any spells.
Your spell library was empty.

Dungeon Overview and Level Annotations

Branches:
Dungeon (2/15)

Altars:


Innate Abilities, Weirdness & Mutations

You do not regenerate when monsters are visible.
You are frail without blood (-20% HP).
You can heal yourself when you bite living creatures.
You are immune to poison.
You have razor-sharp teeth.
You have supernaturally acute eyesight. (SInv)
You are afflicted with vampirism and can become a bat while bloodless.
[You are frail. (-10% HP)]


Message History

You continue bloodletting.
You feel sick.
You are no longer poisoned.
The adder bites you but does no damage. The adder barely misses you.
You become bloodless.
You closely miss the adder. Your bite misses the adder.
You block the adder's attack.
You hit the adder but do no damage. Your bite misses the adder.
The adder closely misses you. The adder bites you but does no damage.
You closely miss the adder. The adder bites you.
You miss the adder. The adder closely misses you.
The adder bites you but does no damage.
You hit the adder. You bite the adder.
You draw the adder's blood!
You feel better.
The adder is almost dead.
The adder bites you. x2
You closely miss the adder.
The adder is severely wounded.
The adder bites you but does no damage.
You barely miss the adder.
The adder is severely wounded.
The adder bites you. The adder bites you but does no damage.
You closely miss the adder.
The adder is severely wounded.
The adder bites you.
* * * LOW HITPOINT WARNING * * *
You hit the adder but do no damage.
The adder is severely wounded.
The adder bites you but does no damage. The adder bites you.
* * * LOW HITPOINT WARNING * * *
You closely miss the adder.
The adder is severely wounded.
The adder bites you but does no damage.
You feel very mighty all of a sudden. The adder closely misses you.
You barely miss the adder. You bite the adder.
You kill the adder!
The goblin hits you but does no damage.
You barely miss the goblin. The goblin hits you with a +0 dagger.
You die...

#######..####..####...
#..#.##.....'...
#....)...####...
#....##### #...
#.#..### #### #......#
####...##
...##########....#
#.....g@........#
.......######....#
.<..... #....# g......
#....... .......
#...#.... .......
##.##.... ...)... .#
#.. .....S. +# ##


You could see a goblin.

Vanquished Creatures
  2 adders (D:2)
  3 bats
  2 endoplasms
  A giant cockroach (D:2)
  2 hobgoblins
  A quokka (D:1)
  2 ball pythons
  2 frilled lizards
  3 goblins (D:1)
  6 kobolds
  3 rats
27 creatures vanquished.

Notes
Turn   | Place    | Note
-------+----------+-------------------------------------------
     0 | D:1      | tizbic2 the Vampire Fighter began the quest for the Orb.
     0 | D:1      | Reached XP level 1. HP: 17/17 MP: 1/1
    90 | D:1      | Reached skill level 1 in Stealth
   316 | D:1      | Reached XP level 2. HP: 22/23 MP: 2/2
  1089 | D:2      | Gained mutation: You are afflicted with vampirism and can
                  | become a bat while bloodless. [Vampire growth]
  1089 | D:2      | Reached XP level 3. HP: 25/25 MP: 3/3
  1247 | D:2      | Slain by a goblin

Illustrated notes

Levels and vault maps discovered:
D:1:      amcnicky_arrival_abandoned_market, layout_basic
D:2:      layout_basic, lemuel_flame_loot_1

Skill      XL: |  1  2 |
---------------+-------+-----
Stealth        | 1 2 |  2.3
Fighting       | |  2.9
Short Blades   | |  2.7
Staves         | |  0.3
Armour         | |  2.6
Shields        | |  2.8
Necromancy     | |  0.2
Evocations     | |  0.2

Action                   || total
-------------------------++-------
Melee: Rapier            ||    28
       Dagger            ||    28
       Bite              ||    10
       Staff             ||    43
 Abil: Exsanguinate      ||     2
       Revivify          ||     1
  Use: Potion            ||     1
 Stab: Sleeping          ||     3
Armor: Robe              ||    13
       Scale mail        ||    23
Dodge: Dodged            ||    44
Block: Buckler           ||    21
